TOP OF THE 1ST |
London Majors batting - Pitching for Trois-Riveres Aigles : RHP Angelo Mora
|
Pitching: RHP Angelo Mora
|
|
Batting: RHB Jorge Cruz
|
0-0: Ball 1-0: SINGLE (Groundball, 56D, EV 95.0 MPH)
|
Batting: RHB Luis Vargas
|
0-0: Called Strike 0-1: Foul Ball, location: 2F 0-2: Ball 1-2: Foul Ball, location: 2F 1-2: Strikes out swinging
|
Batting: RHB Luis Gomez
|
0-0: SINGLE (Line Drive, 34D, EV 96.2 MPH) Jorge Cruz to second Runner from 2nd tries for 3rd, SAFE, no throw by RF
|
Batting: RHB Pete Duncan
|
0-0: Called Strike 0-1: Called Strike 0-2: Ball 1-2: Ball 2-2: Grounds into double play, 4-6-3 (Groundball, 4MD, EV 98.8 MPH)
|
Top of the 1st over - 0 runs, 2 hits, 0 errors, 1 left on base; London 0 - Trois-Riveres 0 |
BOTTOM OF THE 1ST |
Trois-Riveres Aigles batting - Pitching for London Majors : LHP Frank Cota
|
Pitching: LHP Frank Cota
|
|
Batting: RHB Wan-ling Zhu
|
0-0: Foul Ball, location: 2F 0-1: Foul Ball, location: 2F 0-2: Ball 1-2: Ball 2-2: Foul Ball, location: 2F 2-2: Ball 3-2: Fly out, F8 (Flyball, 8LD, EV 95.0 MPH)
|
Batting: SHB Luis Verduzco
|
0-0: Ball 1-0: Fly out, F5 (Line Drive, 5L, EV 63.8 MPH)
|
Batting: RHB Dave Galloway
|
0-0: Ball 1-0: SOLO HOME RUN (Flyball, 7LD, EV 97.5 MPH), Distance : 350 ft
|
Batting: RHB Alex Koral
|
0-0: Ball 1-0: DOUBLE (Line Drive, 7LM, EV 100.0 MPH)
|
Batting: SHB Omar Cervantes
|
0-0: Swinging Strike 0-1: Ground out 6-3 (Groundball, 6, EV 84.4 MPH)
|
Bottom of the 1st over - 1 run, 2 hits, 0 errors, 1 left on base; London 0 - Trois-Riveres 1 |
TOP OF THE 2ND |
London Majors batting - Pitching for Trois-Riveres Aigles : RHP Angelo Mora
|
Batting: RHB Terry Plumley
|
0-0: Ball 1-0: Ball 2-0: Foul Ball, location: 2F 2-1: Ball 3-1: Base on Balls
|
Batting: RHB Mikey Sano
|
0-0: Ball 1-0: Called Strike 1-1: Called Strike 1-2: Strikes out swinging
|
Batting: RHB Rudolph Lentz
|
0-0: Called Strike 0-1: Ball 1-1: TRIPLE (Flyball, 89XD, EV 113.1 MPH) Terry Plumley scores
|
Batting: RHB Manny Elizondo
|
0-0: Swinging Strike 0-1: Ball 1-1: Reached via error on a dropped throw from 1B, E1 (Groundball, 34S, EV 85.6 MPH) Rudolph Lentz scores
|
Batting: RHB Lao-che Zhu
|
0-0: Swinging Strike 0-1: Swinging Strike 0-2: Ball 1-2: Strikes out looking
|
Batting: RHB Jorge Cruz
|
0-0: Fly out, F9 (Flyball, 89M, EV 87.5 MPH)
|
Top of the 2nd over - 2 runs, 1 hit, 1 error, 1 left on base; London 2 - Trois-Riveres 1 |
BOTTOM OF THE 2ND |
Trois-Riveres Aigles batting - Pitching for London Majors : LHP Frank Cota
|
Batting: RHB Alex Zamora
|
0-0: Called Strike 0-1: Ball 1-1: Ball 2-1: SINGLE (Groundball, 56D, EV 95.6 MPH)
|
Batting: RHB Tim Dower
|
0-0: Foul Ball, location: 2F 0-1: Foul Ball, location: 2F 0-2: Fly out, F9 (Flyball, 9, EV 91.9 MPH)
|
Batting: RHB Ryan Holzwart
|
0-0: Ball 1-0: Fielders Choice at 2nd, 6-4 (Groundball, 6M, EV 98.8 MPH)
|
Batting: RHB Sandoval Serzedelo
|
0-0: Ball 1-0: Ball 2-0: Ball 3-0: Called Strike 3-1: Base on Balls Ryan Holzwart to second
|
Batting: RHB Wan-ling Zhu
|
0-0: Ball 1-0: Ball 2-0: Ball 3-0: Base on Balls Ryan Holzwart to third Sandoval Serzedelo to second
|
Batting: SHB Luis Verduzco
|
0-0: Ball 1-0: Ball 2-0: Fly out, F6 (Popup, 6MD, EV 56.2 MPH)
|
Bottom of the 2nd over - 0 runs, 1 hit, 0 errors, 3 left on base; London 2 - Trois-Riveres 1 |
TOP OF THE 3RD |
London Majors batting - Pitching for Trois-Riveres Aigles : RHP Angelo Mora
|
Batting: RHB Luis Vargas
|
0-0: Ball 1-0: SINGLE (Line Drive, 78M, EV 103.1 MPH)
|
Batting: RHB Luis Gomez
|
0-0: Foul Ball, location: 2F 0-1: Called Strike 0-2: Strikes out swinging
|
Batting: RHB Pete Duncan
|
0-0: Called Strike 0-1: Ball 1-1: Ball 2-1: Grounds into double play, 5-4-3 (Groundball, 56, EV 90.0 MPH)
|
Top of the 3rd over - 0 runs, 1 hit, 0 errors, 0 left on base; London 2 - Trois-Riveres 1 |
BOTTOM OF THE 3RD |
Trois-Riveres Aigles batting - Pitching for London Majors : LHP Frank Cota
|
Batting: RHB Dave Galloway
|
0-0: Called Strike 0-1: Ball 1-1: DOUBLE (Flyball, 78D, EV 101.2 MPH)
|
Batting: RHB Alex Koral
|
0-0: Swinging Strike 0-1: Foul Ball, location: 2F 0-2: Strikes out swinging
|
Batting: SHB Omar Cervantes
|
0-0: Foul Ball, location: 2F 0-1: Swinging Strike 0-2: Ball 1-2: Ball 2-2: Ball 3-2: DOUBLE (Groundball, 3L, EV 95.0 MPH) Dave Galloway scores
|
Batting: RHB Alex Zamora
|
0-0: Called Strike 0-1: Ball 1-1: Foul Ball, location: 2F 1-2: Foul Ball, location: 2F 1-2: SINGLE (Line Drive, 89S, EV 106.2 MPH) Omar Cervantes to third
|
Batting: RHB Tim Dower
|
0-0: Ball 1-0: Ball 2-0: Ball 3-0: Called Strike 3-1: Grounds into double play, 4-6-3 (Groundball, 4S, EV 85.0 MPH)
|
Bottom of the 3rd over - 1 run, 3 hits, 0 errors, 1 left on base; London 2 - Trois-Riveres 2 |
TOP OF THE 4TH |
London Majors batting - Pitching for Trois-Riveres Aigles : RHP Angelo Mora
|
Batting: RHB Terry Plumley
|
0-0: Called Strike 0-1: Foul Ball, location: 2F 0-2: SOLO HOME RUN (Flyball, 7LD, EV 95.6 MPH), Distance : 363 ft
|
Batting: RHB Mikey Sano
|
0-0: Called Strike 0-1: Ball 1-1: Foul Ball, location: 2F 1-2: Ball 2-2: Strikes out swinging
|
Batting: RHB Rudolph Lentz
|
0-0: Called Strike 0-1: Foul Ball, location: 2F 0-2: Ball 1-2: Ball 2-2: Ground out 5-3 (Groundball, 56, EV 88.8 MPH)
|
Batting: RHB Manny Elizondo
|
0-0: Called Strike 0-1: Ball 1-1: Foul Ball, location: 2F 1-2: Strikes out swinging
|
Top of the 4th over - 1 run, 1 hit, 0 errors, 0 left on base; London 3 - Trois-Riveres 2 |
BOTTOM OF THE 4TH |
Trois-Riveres Aigles batting - Pitching for London Majors : LHP Frank Cota
|
Batting: RHB Ryan Holzwart
|
0-0: Ball 1-0: SINGLE (Groundball, 56, EV 108.8 MPH) (infield hit)
|
Batting: RHB Sandoval Serzedelo
|
0-0: Swinging Strike 0-1: Foul Ball, location: 2F 0-2: SINGLE (Line Drive, 78S, EV 101.2 MPH) Ryan Holzwart to second
|
Batting: RHB Wan-ling Zhu
|
0-0: Ball 1-0: Fly out, F9 (Flyball, 89M, EV 80.0 MPH)
|
Batting: SHB Luis Verduzco
|
0-0: Ball 1-0: Ball 2-0: Ball 3-0: Base on Balls Ryan Holzwart to third Sandoval Serzedelo to second
|
Batting: RHB Dave Galloway
|
0-0: Ball 1-0: Ball 2-0: Fly out, F8 (Flyball, 8LM, EV 93.8 MPH)
|
Batting: RHB Alex Koral
|
0-0: Ball 1-0: Ball 2-0: Fielders Choice at 2nd, U6 (Groundball, 6M, EV 100.0 MPH)
|
Bottom of the 4th over - 0 runs, 2 hits, 0 errors, 3 left on base; London 3 - Trois-Riveres 2 |
TOP OF THE 5TH |
London Majors batting - Pitching for Trois-Riveres Aigles : RHP Angelo Mora
|
Batting: RHB Lao-che Zhu
|
0-0: Called Strike 0-1: Swinging Strike 0-2: Ball 1-2: Foul Ball, location: 2F 1-2: Strikes out swinging
|
Batting: RHB Jorge Cruz
|
0-0: Ball 1-0: Swinging Strike 1-1: Fly out, F7 (Line Drive, 7, EV 108.8 MPH)
|
Batting: RHB Luis Vargas
|
0-0: Ball 1-0: Called Strike 1-1: Ball 2-1: Ground out U3 (Groundball, 3, EV 105.0 MPH)
|
Top of the 5th over - 0 runs, 0 hits, 0 errors, 0 left on base; London 3 - Trois-Riveres 2 |
BOTTOM OF THE 5TH |
Trois-Riveres Aigles batting - Pitching for London Majors : LHP Frank Cota
|
Batting: SHB Omar Cervantes
|
0-0: Ball 1-0: Foul Ball, location: 2F 1-1: Called Strike 1-2: Ball 2-2: Ball 3-2: Foul Ball, location: 2F 3-2: DOUBLE (Line Drive, 5D, EV 98.1 MPH)
|
Batting: RHB Alex Zamora
|
0-0: Called Strike 0-1: Ball 1-1: Hit by Pitch
|
Batting: RHB Tim Dower
|
0-0: Ball 1-0: Called Strike 1-1: Swinging Strike 1-2: Foul Ball, location: 2F 1-2: Ball 2-2: Ball 3-2: Strikes out swinging
|
Batting: RHB Ryan Holzwart
|
0-0: Called Strike 0-1: Swinging Strike 0-2: Ball 1-2: Ball 2-2: Grounds into double play, 4-6-3 (Groundball, 34D, EV 80.6 MPH)
|
Bottom of the 5th over - 0 runs, 1 hit, 0 errors, 1 left on base; London 3 - Trois-Riveres 2 |
TOP OF THE 6TH |
London Majors batting - Pitching for Trois-Riveres Aigles : RHP Angelo Mora
|
Batting: RHB Luis Gomez
|
0-0: Called Strike 0-1: Foul Ball, location: 2F 0-2: Ground out 3-1 (Groundball, 34, EV 106.9 MPH)
|
Batting: RHB Pete Duncan
|
0-0: Ball 1-0: Foul Ball, location: 2F 1-1: Called Strike 1-2: Foul Ball, location: 2F 1-2: Ball 2-2: Ball 3-2: Base on Balls
|
Batting: RHB Terry Plumley
|
0-0: Ball 1-0: Foul Ball, location: 2F 1-1: Ball 2-1: Swinging Strike 2-2: Ball 3-2: Foul Ball, location: 2F 3-2: Foul Ball, location: 2F Pickoff Play to 1st, Runner tries for 2nd, OUT after rundown. 3-2: Ground out 6-3 (Groundball, 6S, EV 88.8 MPH)
|
Top of the 6th over - 0 runs, 0 hits, 0 errors, 0 left on base; London 3 - Trois-Riveres 2 |
BOTTOM OF THE 6TH |
Trois-Riveres Aigles batting - Pitching for London Majors : LHP Frank Cota
|
Batting: RHB Sandoval Serzedelo
|
0-0: Ball 1-0: Ball 2-0: Ball 3-0: Called Strike 3-1: Swinging Strike 3-2: Strikes out swinging, 2-3 out at first.
|
Batting: RHB Wan-ling Zhu
|
0-0: Ball 1-0: Swinging Strike 1-1: Foul Ball, location: 2F 1-2: Foul Ball, location: 2F 1-2: Ball 2-2: Ball 3-2: Base on Balls
|
Pitching: RHP Nick Ford
|
|
Batting: SHB Luis Verduzco
|
0-0: SINGLE (Flyball, 34D, EV 91.2 MPH) Wan-ling Zhu to second
|
Batting: RHB Dave Galloway
|
0-0: Ball 1-0: 3-RUN HOME RUN (Line Drive, 89XD, EV 106.9 MPH), Distance : 443 ft
|
Batting: RHB Alex Koral
|
0-0: Called Strike 0-1: Ball 1-1: Ball 2-1: Called Strike 2-2: Ball 3-2: Ground out U3 (Groundball, 34S, EV 84.4 MPH)
|
Batting: SHB Omar Cervantes
|
0-0: Ball 1-0: Swinging Strike 1-1: Swinging Strike 1-2: Strikes out swinging
|
Bottom of the 6th over - 3 runs, 2 hits, 0 errors, 0 left on base; London 3 - Trois-Riveres 5 |
TOP OF THE 7TH |
London Majors batting - Pitching for Trois-Riveres Aigles : RHP Angelo Mora
|
Batting: RHB Mikey Sano
|
0-0: Ball 1-0: Foul Ball, location: 2F 1-1: Foul Ball, location: 2F 1-2: Strikes out swinging
|
Batting: RHB Rudolph Lentz
|
0-0: Fly out, F7 (Flyball, 7, EV 77.5 MPH)
|
Batting: RHB Manny Elizondo
|
0-0: Called Strike 0-1: Swinging Strike 0-2: Ball 1-2: Strikes out swinging, 2-3 out at first.
|
Top of the 7th over - 0 runs, 0 hits, 0 errors, 0 left on base; London 3 - Trois-Riveres 5 |
BOTTOM OF THE 7TH |
Trois-Riveres Aigles batting - Pitching for London Majors : RHP Nick Ford
|
Batting: RHB Alex Zamora
|
0-0: SINGLE (Groundball, 34D, EV 105.6 MPH)
|
Batting: RHB Tim Dower
|
0-0: Ball 1-0: Sac Bunt to 13 - play at first, batter OUT! 1-3 Alex Zamora to second
|
Batting: RHB Ryan Holzwart
|
0-0: Hit by Pitch
|
Batting: RHB Sandoval Serzedelo
|
0-0: Ball 1-0: Grounds into double play, 3-6-3 (Groundball, 3, EV 82.5 MPH)
|
Bottom of the 7th over - 0 runs, 1 hit, 0 errors, 1 left on base; London 3 - Trois-Riveres 5 |
TOP OF THE 8TH |
London Majors batting - Pitching for Trois-Riveres Aigles : RHP Angelo Mora
|
Pinch Hitting: SHB Kevin Watson
|
0-0: Foul Ball, location: 2F 0-1: Called Strike 0-2: Strikes out swinging
|
Pinch Hitting: RHB Ed Swafford
|
0-0: Called Strike 0-1: Ball 1-1: Foul Ball, location: 2F 1-2: Hit by Pitch
|
Batting: RHB Akira Kubo
|
0-0: Ball 1-0: Ball 2-0: Ball 3-0: Called Strike 3-1: Fielders Choice at 2nd, 6-4 (Groundball, 6, EV 93.1 MPH)
|
Batting: RHB Luis Gomez
|
0-0: Called Strike 0-1: Ball 1-1: Ball 2-1: Fly out, F8 (Flyball, 8RM, EV 86.2 MPH)
|
Top of the 8th over - 0 runs, 0 hits, 0 errors, 1 left on base; London 3 - Trois-Riveres 5 |
BOTTOM OF THE 8TH |
Trois-Riveres Aigles batting - Pitching for London Majors : RHP Nick Ford
|
Now at 3B: Kevin Watson
|
|
Now at SS: Bobby Roldan
|
|
Batting: RHB Wan-ling Zhu
|
0-0: Swinging Strike 0-1: Ball 1-1: Fly out, F9 (Flyball, 89M, EV 88.8 MPH)
|
Batting: SHB Luis Verduzco
|
0-0: Fly out, F8 (Line Drive, 8LD, EV 88.8 MPH)
|
Batting: RHB Dave Galloway
|
0-0: Foul Ball, location: 2F 0-1: Ball 1-1: Foul Ball, location: 2F 1-2: Ball 2-2: Foul Ball, location: 2F 2-2: Foul Ball, location: 2F 2-2: Ball 3-2: Base on Balls
|
Batting: RHB Alex Koral
|
0-0: Ball 1-0: TRIPLE (Flyball, 89XD, EV 96.2 MPH) Dave Galloway scores
|
Pitching: RHP Josh Long
|
|
Batting: SHB Omar Cervantes
|
0-0: Ball 1-0: Ball 2-0: Called Strike 2-1: Fly out, F6 (Line Drive, 6, EV 70.0 MPH)
|
Bottom of the 8th over - 1 run, 1 hit, 0 errors, 1 left on base; London 3 - Trois-Riveres 6 |
TOP OF THE 9TH |
London Majors batting - Pitching for Trois-Riveres Aigles : RHP Angelo Mora
|
Pitching: LHP Min Xue
|
|
Batting: RHB Pete Duncan
|
0-0: Ball 1-0: Ball 2-0: Ball 3-0: Base on Balls
|
Batting: RHB Terry Plumley
|
0-0: Ball 1-0: Fly out, F8 (Flyball, 8RD, EV 83.8 MPH)
|
Pinch Hitting: RHB John Rios
|
0-0: Ball 1-0: SINGLE (Groundball, 56D, EV 98.1 MPH) Pete Duncan to second
|
Pinch Hitting: RHB Mark Noftall
|
0-0: Swinging Strike 0-1: Called Strike 0-2: Foul Ball, location: 2F 0-2: Ball 1-2: Grounds into double play, 5-4-3 (Groundball, 5, EV 86.9 MPH)
|
Top of the 9th over - 0 runs, 1 hit, 0 errors, 1 left on base; London 3 - Trois-Riveres 6 |
|